 Dungeon Crawl Stone Soup version 0.29.1-4-g47bece8355 (webtiles) character file.

Game seed: 7789726037388256091

33 DildoBatman the Conjurer (level 3, 0/26 HPs)
             Began as a Formicid Conjurer on Dec 11, 2022.
             Slain by a hobgoblin
             ... wielding a +0 dagger
              (6 damage)
             ... on level 3 of the Dungeon.
             The game lasted 00:03:28 (1308 turns).

DildoBatman the Conjurer (Formicid Conjurer)        Turns: 1308, Time: 00:03:29

Health: 0/26       AC:  4    Str: 11    XL:     3   Next: 47%
Magic:  0/6        EV: 16    Int: 19    God:
Gold:   86         SH:  0    Dex: 12    Spells: 4/7 levels left

rFire   + . .      SeeInvis +   a - +2 hand axe (freeze)
rCold   . . .      Faith    .   (no shield)
rNeg    . . .      Spirit   .   t - +0 robe
rPois   .          Reflect  .   (helmet unavailable)
rElec   .          Harm     .   i - +0 cloak
rCorr   .          Rampage  .   (no gloves)
Will    .....                   o - +0 pair of boots
Stlth   ++........              (no amulet)
HPRegen 0.08/turn               p - ring of protection from fire
MPRegen 0.10/turn               r - +4 ring of evasion

@: no status effects
A: permanent stasis, dig shafts and tunnels, antennae 3, four strong arms
a: Dig, Shaft Self


You were on level 3 of the Dungeon.
You visited 1 branch of the dungeon, and saw 4 of its levels.

You collected 86 gold pieces.

Inventory:

Hand Weapons
 a - a +2 hand axe of freezing (weapon)
 b - a +0 sling
 c - a +0 dagger of venom
Missiles
 d - 23 stones
Armour
 i - a +0 cloak (worn)
 o - a +0 pair of boots (worn)
 q - a +0 ring mail of cold resistance
 t - a +0 robe (worn)
Magical Staves
 j - a staff of death
Jewellery
 p - a ring of protection from fire (left hand)
 r - a +4 ring of evasion (right hand)
Scrolls
 e - 2 scrolls of summoning {unknown}
 f - 2 scrolls of noise {unknown}
 g - 3 scrolls of identify {unknown}
 k - 2 scrolls of amnesia {unknown}
 s - a scroll of enchant armour {unknown}
 w - a scroll of butterflies {unknown}
Potions
 h - a potion of lignification {unknown}
 l - 2 potions of flight {unknown}
 m - 3 potions of attraction {unknown}
 n - a potion of brilliance {unknown}
 u - 2 potions of magic
 v - a potion of haste


   Skills:
 * Level 1.2 Fighting
 * Level 1.2 Armour
 - Level 2.0 Dodging
 - Level 2.4 Stealth
 * Level 2.6 Spellcasting
 * Level 3.8 Conjurations


You had 4 spell levels left.
You knew the following spells:

 Your Spells              Type           Power      Damage    Failure   Level
a - Searing Ray           Conj           34%        2d5       4%          2
c - Magic Dart            Conj           68%        1d6       3%          1

Your spell library contained the following spells:

 Spells                   Type           Power      Damage    Failure   Level
 Dazzling Flash           Conj/Hex       18%        N/A       22%         3
 Fulminant Prism          Conj/Hex       4%         3d6       56%         4
 Iskenderun's Mystic Bla  Conj/Tloc      9%         2d4       56%         4


Dungeon Overview and Level Annotations

Branches:
Dungeon (4/15)
 Temple: D:4-7

Altars:

Shops:
D:1 =

Annotations:
D:4 Eustachio


Innate Abilities, Weirdness & Mutations

You cannot be hasted, slowed, berserked, paralysed or teleported.
You can dig through walls and to a lower floor.
You have a pair of large antennae on your head. (SInv)
Your four strong arms can wield two-handed weapons with a shield.


Message History

Casting: Magic Dart (safe; 3% risk of failure)
Confirm with . or Enter, or press ? or * to list all spells.
Aiming: Magic Dart (safe; 3% risk of failure)
Press: ? - help, Shift-Dir - straight line, f/p - hobgoblin
Aim: a hobgoblin, wielding a +0 dagger and wearing a +0 leather armour (almost dead, fast, 100% to hit)
The magic dart hits the hobgoblin but does no damage.
The hobgoblin is almost dead.
The hobgoblin hits you with a +0 dagger.
Casting: Magic Dart (safe; 3% risk of failure)
Confirm with . or Enter, or press ? or * to list all spells.
Aiming: Magic Dart (safe; 3% risk of failure)
Press: ? - help, Shift-Dir - straight line, f/p - hobgoblin
Aim: a hobgoblin, wielding a +0 dagger and wearing a +0 leather armour (almost dead, fast, 100% to hit)
The magic dart hits the hobgoblin but does no damage.
The hobgoblin is almost dead.
The hobgoblin barely misses you. The hobgoblin completely misses you.
Casting: Magic Dart (safe; 3% risk of failure)
Confirm with . or Enter, or press ? or * to list all spells.
You don't have enough magic to cast this spell.
You hit the hobgoblin but do no damage.
The hobgoblin is almost dead.
The hobgoblin barely misses you. x2
You closely miss the hobgoblin.
The hobgoblin is almost dead.
The hobgoblin misses you.
The hobgoblin hits you with a +0 dagger.
You hit the hobgoblin but do no damage.
The hobgoblin is almost dead.
The hobgoblin hits you but does no damage.
The hobgoblin misses you.
Casting: Magic Dart (safe; 3% risk of failure)
Confirm with . or Enter, or press ? or * to list all spells.
Aiming: Magic Dart (safe; 3% risk of failure)
Press: ? - help, Shift-Dir - straight line, f/p - hobgoblin
Aim: a hobgoblin, wielding a +0 dagger and wearing a +0 leather armour (almost dead, fast, 100% to hit)
The magic dart hits the hobgoblin but does no damage.
The hobgoblin is almost dead.
The hobgoblin hits you with a +0 dagger.
You die...

## #.# #.
#....#. #....
########
........
#>.....###
#####...
#........#
#...
#..###.#@#
#...
#......#g#
##.#
#...#.†.....#
#.#
#...##.#.##.#
#..
#......#.#
###
##.......#
...###### ##


You could see a hobgoblin (fast).

Vanquished Creatures
  A dart slug (D:1)
  4 endoplasms
  4 goblins
  3 hobgoblins
  2 jackals (D:1)
  2 quokkas (D:1)
  3 ball pythons
  3 bats
  2 frilled lizards
  A kobold (D:1)
  4 rats
29 creatures vanquished.

Vanquished Creatures (others)
  8 fungi (D:4)
8 creatures vanquished.

Grand Total: 37 creatures vanquished

Notes
Turn   | Place    | Note
-------+----------+-------------------------------------------
     0 | D:1      | DildoBatman the Formicid Conjurer began the quest for the
                  | Orb.
     0 | D:1      | Reached XP level 1. HP: 13/13 MP: 3/3
   123 | D:1      | Reached XP level 2. HP: 15/20 MP: 1/5
   126 | D:1      | Learned a level 2 spell: Searing Ray
   325 | D:1      | Found Rof Elodur's Jewellery Shoppe.
   468 | D:1      | Reached skill level 1 in Fighting
   468 | D:1      | Reached skill level 1 in Armour
   468 | D:1      | Reached XP level 3. HP: 26/26 MP: 3/6
  1260 | D:3      | You fall into a shaft and drop 1 floor!
  1266 | D:4      | Noticed Eustachio
  1308 | D:3      | Slain by a hobgoblin

Illustrated notes

Levels and vault maps discovered:
D:1:      roderic_crossed_star, layout_rooms, serial_shops, shop,
          serial_bayou_crossing
D:2:      layout_rooms
D:3:      layout_loops_cross, minitemple
D:4:      layout_basic, mainiacjoe_overflow_catwalk, okawaru_metal_pillars_3,
          serial_aquarium, aquarium_bridge_long_separate
          [aquarium_subvault_wall, aquarium_subvault_balcony,
          aquarium_subvault_bridge, aquarium_subvault_wall,
          aquarium_subvault_wall, aquarium_subvault_bridge],
          aquarium_window_corridor_1, aquarium_window_1, aquarium_view_2d,
          aquarium_view_2b, nicolae_underground_beach, uniq_sigmund,
          uniq_eustachio, uniq_duvessa, uniq_pikel, uniq_crazy_yiuf_cottage

Skill      XL: |  1  2 |
---------------+-------+-----
Dodging        | 2 |  2.0
Fighting       | 1 |  1.2
Armour         | 1 |  1.2
Stealth        | |  2.4
Spellcasting   | |  2.6
Conjurations   | |  3.8

Action                   || total
-------------------------++-------
Melee: Dagger            ||    30
       Hand axe          ||     9
 Cast: Magic Dart        ||    45
 Stab: Sleeping          ||     2
Armor: Robe              ||     7
Dodge: Dodged            ||    25
